 Dungeon Crawl Stone Soup version 0.30-a0-223-gcb0039aa0c (webtiles) character file.

Game seed: 9665326201355893262

34 qw the Chopper (level 3, -1/23 HPs)
             Began as a Gargoyle Fighter on Oct 9, 2022.
             Slain by a gnoll
             ... wielding a +0 spear
              (2 damage)
             ... on level 2 of the Dungeon.
             The game lasted 00:00:15 (1193 turns).

qw the Chopper (Gargoyle Fighter)                   Turns: 1193, Time: 00:00:16

Health: -1/23      AC: 10    Str: 21    XL:     3   Next: 31%
Magic:  3/3        EV:  9    Int:  8    God:
Gold:   47         SH:  4    Dex:  9    Spells: 2/2 levels left

rFire   . . .      SeeInvis .    Y - +0 war axe
rCold   . . .      Faith    .    c - +0 buckler
rNeg    + . .      Spirit   .    b - +0 scale mail
rPois   inf        Reflect  .    (no helmet)
rElec   +          Harm     .    (no cloak)
rCorr   .          Rampage  .    (no gloves)
Will    +....                    (no boots)
Stlth   ..........               (no amulet)
HPRegen 0.23/turn                l - ring of willpower
MPRegen 0.08/turn                (no ring)

@: no status effects
A: sickness immunity, AC +3, negative energy resistance 1, electricity
resistance, torment resistance 1, petrification resistance
a: no special abilities


You were on level 2 of the Dungeon.
You visited 1 branch of the dungeon, and saw 2 of its levels.

You collected 47 gold pieces.


Innate Abilities, Weirdness & Mutations

You are immune to sickness and miasma.
Your stone body is resilient. (AC +3)
You are immune to poison.
You resist negative energy. (rN+)
You are resistant to electric shocks. (rElec)
You are resistant to unholy torment.
You are immune to petrification.


   Skills:
 - Level 3.2 Fighting
 + Level 3.3 Axes
 - Level 3.2 Armour
 - Level 3.2 Shields


You had 2 spell levels left.
You didn't know any spells.
Your spell library was empty.

Inventory:

Hand Weapons
 e - a +0 flail
 i - a +0 club
 Y - a +0 war axe (weapon)
Armour
 b - a +0 scale mail (worn)
 c - a +0 buckler (worn)
Jewellery
 l - a ring of willpower (left hand)
Scrolls
 a - a scroll of noise {unknown}
Potions
 d - a potion of might
 f - a potion of heal wounds {unknown}
 g - a potion of lignification
 j - a potion of haste {unknown}
 k - a potion of flight {unknown}
 m - a potion of curing {unknown}

Dungeon Overview and Level Annotations

Branches:
Dungeon (2/15)

Altars:


Message History

e - a +0 flail You see here a gnoll corpse.
A gnoll comes into view. It is wielding a +0 halberd.
Found a club and a scroll labelled LEQEUB SUSAIDE.
A gnoll comes into view. It is wielding a +0 spear.
The gnoll shouts!
You hear a shout!
You hear an angry hiss.
An adder comes into view.
A gnoll comes into view. It is wielding a +0 whip.
You hit the gnoll but do no damage. You block the gnoll's attack.
The gnoll barely misses you.
You slash the gnoll!
The gnoll is almost dead.
The gnoll hits you from afar with a +0 spear.
The gnoll hits you with a +0 halberd! The adder bites you but does no damage.
You hit the gnoll.
You kill the gnoll!
You barely miss the gnoll. You barely miss the adder.
You block the gnoll's attack. The adder barely misses you.
The gnoll hits you from afar with a +0 spear.
The gnoll misses you. The adder misses you.
You hit the gnoll.
The gnoll is moderately wounded.
You miss the adder.
An adder comes into view.
The adder barely misses you. You block the gnoll's attack.
The gnoll hits you but does no damage.
You barely miss the gnoll.
The gnoll is moderately wounded.
You barely miss the adder.
The adder hisses angrily.
The adder bites you but does no damage. You block the gnoll's attack.
The gnoll hits you from afar with a +0 spear.
The adder bites you but does no damage. The gnoll closely misses you.
The gnoll hits you but does no damage.
You slash the gnoll!
You kill the gnoll!
You closely miss the adder. The adder bites you. The adder barely misses you.
The gnoll hits you from afar with a +0 spear.
You die...

#............)..........
#..................)...#
#...................<.:#
#.....%.................
#............)....#....#
##......................
##.....##..........####
##.....###........#
#...)@S.....#......
#..........##....#
#....g......#
..........S....
.?##.......)... .#
#...........
............
.............


You could see a gnoll and 2 adders.

Vanquished Creatures
  3 gnolls (D:2)
  A dart slug (D:1)
  2 endoplasms (D:1)
  3 goblins
  A hobgoblin (D:1)
  2 quokkas
  A ball python (D:1)
  A rat (D:1)
14 creatures vanquished.

Notes
Turn   | Place    | Note
-------+----------+-------------------------------------------
     0 | D:1      | qw the Gargoyle Fighter began the quest for the Orb.
     0 | D:1      | Reached XP level 1. HP: 14/14 MP: 1/1
     0 | D:1      | 0 ||| qw: Version: 0.2-a-17-g06abaee
     0 | D:1      | 0 ||| qw: Game counter: 2243
     0 | D:1      | 0 ||| qw: Always use a shield: true
     0 | D:1      | 0 ||| qw: God list: Okawaru
     0 | D:1      | 0 ||| qw: Allow faded altars: false
     0 | D:1      | 0 ||| qw: Do Orc after D:15 true
     0 | D:1      | 0 ||| qw: Do second Lair branch before Depths: true
     0 | D:1      | 0 ||| qw: Lair rune preference: random
     0 | D:1      | 0 ||| qw: Plans: Normal, Zot:1-4, God:TSO, Crypt, Tomb,
                  | Pan, Slime:5, Hells, Abyss, Orb
     0 | D:1      | 0 ||| PLANNING D:1-11
   358 | D:1      | 358 ||| Stepping ~*~*~tactically~*~*~ (hiding).
   369 | D:1      | Reached XP level 2. HP: 17/19 MP: 2/2
   895 | D:1      | 895 ||| UPGRADING to ring of willpower.
   896 | D:1      | 896 ||| READING scroll labelled HYSURE PAQUM.
   918 | D:1      | 918 ||| READING 2 scrolls labelled JASOOL KOUMP.
  1028 | D:1      | 1028 ||| DRINKING 2 murky blue potions.
  1068 | D:1      | 1068 ||| DROPPING scroll of silence.
  1101 | D:2      | 1101 ||| STAIRDANCE
  1107 | D:2      | 1107 ||| STAIRDANCE
  1181 | D:2      | Reached skill level 3 in Axes
  1181 | D:2      | Reached XP level 3. HP: 23/23 MP: 3/3
  1190 | D:2      | HP: 3/23 [gnoll/+0 spear (6)]
  1193 | D:2      | HP: 1/23 [adder (1)]
  1193 | D:2      | Slain by a gnoll

Levels and vault maps discovered:
D:1:      lightli_molten_gateway, layout_loops_corners, minmay_tree_intersection
D:2:      layout_rooms, minivault_19

Skill      XL: |  1  2 |
---------------+-------+-----
Axes           | 2 3 |  3.3
Fighting       | |  3.2
Armour         | |  3.2
Shields        | |  3.2

Action                   || total
-------------------------++-------
Melee: War axe           ||    34
  Use: Scroll            ||     2
       Potion            ||     1
Armor: Scale mail        ||    15
Dodge: Dodged            ||    16
Block: Buckler           ||     8

Table legend:
 A = Non-vault XP
 B = Vault XP
 C = Vault XP percentage of total XP
 D = Non-vault monster count
 E = Vault monster count
 F = Vault count percentage of total count
                 A         B        C        D         E       F
            +---------+---------+-------+---------+---------+-------
      Total |      63 |       0 |   0.0 |      14 |       0 |   0.0
            +---------+---------+-------+---------+---------+-------
        D:1 |      16 |       0 |   0.0 |       8 |       0 |   0.0
        D:2 |      47 |       0 |   0.0 |       6 |       0 |   0.0
            +---------+---------+-------+---------+---------+-------
